 Dungeon Crawl Stone Soup version 0.18.1-50-g88ac8fd (webtiles) character file.

149 Gorglomux the Stinger (level 5, 0/31 HPs)
             Began as an Octopode Venom Mage on Oct 29, 2016.
             Slain by an orc
             ... wielding a +0 flail
              (8 damage)
             ... on level 4 of the Dungeon.
             The game lasted 00:07:02 (2614 turns).

Gorglomux the Stinger (Octopode Venom Mage)         Turns: 2614, Time: 00:07:03

Health: 0/31       AC:  1    Str:  8    XL:     5   Next: 31%
Magic:  6/9        EV: 12    Int: 17    God:
Gold:   124        SH:  0    Dex: 13    Spells: 3 memorised, 3 levels left

rFire  . . .     SeeInvis .     q - +3 mace
rCold  . . .     Gourm    .     (no shield)
rNeg   . . .     Faith    .     (helmet restricted)
rPois  .         Spirit   .     (no amulet)
rElec  .         Dismiss  .     j - ring of protection from magic
rCorr  .         Reflect  .     (no ring)
SustAt .         Harm     .     (no ring)
MR     +....                    (no ring)
Stlth  +++.......               (no ring)
                                (no ring)
                                (no ring)
                                (no ring)

@: very slightly contaminated, somewhat resistant to hostile enchantments,
fairly stealthy
A: almost no armour, amphibious, 8 rings, constrict 8, camouflage 1, gelatinous
body 1
a: no special abilities


You were on level 4 of the Dungeon.
You were hungry.

You visited 1 branch of the dungeon, and saw 4 of its levels.

You collected 124 gold pieces.

Inventory:

Hand Weapons
 c - a +0 spear
 q - a +3 mace (weapon)
Jewellery
 j - a ring of protection from magic (left tentacle)
Scrolls
 d - a scroll of noise {unknown}
 g - a scroll of enchant armour {unknown}
 k - 2 scrolls of fear {unknown}
 o - a scroll of magic mapping {unknown}
 p - a scroll of recharging
 r - 2 scrolls of remove curse
Potions
 e - 4 potions of haste {unknown}
 f - 2 potions of curing {unknown}
 h - a potion of agility {unknown}
 i - a potion of degeneration {unknown}
 l - a potion of lignification {unknown}
 n - a potion of berserk rage {unknown}
Books
 a - a Young Poisoner's Handbook

   Spells                             Type                      Level
   a - Sting                          Conjuration/Poison           1
   b - Cure Poison                    Poison                       2
   c - Mephitic Cloud                 Conjuration/Poison/Air       3
   d - Olgreb's Toxic Radiance        Poison                       4
   e - Venom Bolt                     Conjuration/Poison           5
Comestibles
 b - 2 bread rations
 m - a slice of pizza


   Skills:
 - Level 2.0 Dodging
 - Level 2.6 Stealth
 + Level 3.0 Spellcasting
 - Level 2.0 Conjurations
 * Level 6.5 Poison Magic


You had 3 spell levels left.
You knew the following spells:

 Your Spells              Type           Power        Failure   Level  Hunger
a - Sting                 Conj/Pois      ###.         2%          1    None
b - Cure Poison           Pois           ###.......   1%          2    ##.....
c - Olgreb's Toxic Radia  Pois           ###.....     14%         4    ####...


Dungeon Overview and Level Annotations

Branches:
Dungeon (4/15)
 Temple: D:4-7

Altars:
Ashenzari
Cheibriados
Elyvilon
Fedhas
Kikubaaqudgha
Okawaru


Innate Abilities, Weirdness & Mutations

You cannot wear most types of armour.
You are amphibious.
You can wear up to eight rings at the same time.
You can use your tentacles to constrict eight enemies at once.
Your skin changes colour to match your surroundings (Stealth).
Your rubbery body absorbs attacks (AC +1).


Message History

Aim: an orc, wielding a flail and wearing a chain mail The sting hits the orc.
The orc appears unharmed.
The orc hits you with a flail!
Casting: Sting
Confirm with . or Enter, or press ? or * to list all spells.
Aiming: Sting
Press: ? - help, Shift-Dir - straight line, f/p - orc
Aim: an orc, wielding a flail and wearing a chain mail The sting hits the orc.
The orc appears unharmed.
The orc hits you with a flail.
* * * LOW HITPOINT WARNING * * *
Casting: Sting
Confirm with . or Enter, or press ? or * to list all spells.
Aiming: Sting
Press: ? - help, Shift-Dir - straight line, f/p - orc
Aim: an orc, wielding a flail and wearing a chain mail The sting hits the orc.
The orc is poisoned.
The orc is heavily wounded.
The orc hits you with a flail!
You die...

##. ##.# #o..# # #.<#
#...#
#.############<..###.#
#.##.........#........
#.##.........#..#
#.##..........?.#
#.##.##.........#.##
#...............#.#
####....@o......#.#
####......>....#
#.........###
#.........#
###########


You could see an orc.

Vanquished Creatures
  A crimson imp (D:4)
  5 adders
  An ooze (D:1)
  2 worms (D:2)
  4 dart slugs
  2 giant geckos
  2 orcs (D:3)
  5 bats
  3 giant cockroaches
  5 goblins
  7 hobgoblins
  2 jackals (D:1)
  3 kobolds
  3 quokkas
  2 ball pythons (D:3)
  A giant newt (D:2)
  3 rats
51 creatures vanquished.

Notes
Turn   | Place    | Note
--------------------------------------------------------------
     0 | D:1      | Gorglomux the Octopode Venom Mage began the quest for the Orb.
     0 | D:1      | Reached XP level 1. HP: 11/11 MP: 3/3
    47 | D:1      | Reached skill level 5 in Poison Magic
   177 | D:1      | Reached XP level 2. HP: 17/17 MP: 3/5
   859 | D:1      | Reached skill level 1 in Conjurations
  1164 | D:2      | Found an ancient bone altar of Kikubaaqudgha.
  1167 | D:2      | Reached XP level 3. HP: 21/21 MP: 3/6
  1209 | D:2      | Learned a level 2 spell: Cure Poison
  1501 | D:2      | Reached XP level 4. HP: 25/27 MP: 2/7
  1507 | D:2      | Learned a level 4 spell: Olgreb's Toxic Radiance
  1554 | D:2      | Found a snail-covered altar of Cheibriados.
  1557 | D:2      | Found an iron altar of Okawaru.
  1560 | D:2      | Found a white marble altar of Elyvilon.
  1564 | D:2      | Found a shattered altar of Ashenzari.
  1871 | D:3      | Reached skill level 6 in Poison Magic
  2334 | D:3      | Reached XP level 5. HP: 31/31 MP: 7/9
  2340 | D:3      | Found a blossoming altar of Fedhas.
  2614 | D:4      | Slain by an orc

Skill      XL: |  1  2  3  4  5 |
---------------+----------------+-----
Poison Magic   | 5 6 |  6.5
Conjurations   | 1 2 |  2.0
Spellcasting   | 3 |  3.0
Dodging        | |  2.0
Stealth        | |  2.6

Action                   |  1- 3 |  4- 6 || total
-------------------------+-------+-------++-------
Melee: Unarmed           |     9 |       ||     9
       Tentacles         |     3 |     5 ||     8
       Constrict         |     1 |     5 ||     6
       Spear             |     8 |    15 ||    23
       Mace              |       |     9 ||     9
 Cast: Sting             |    42 |    42 ||    84
       Cure Poison       |     1 |     1 ||     2
  Use: Scroll            |     3 |       ||     3
 Stab: Sleeping          |     3 |     1 ||     4
  Eat: Chunk             |     2 |     3 ||     5
Armor: Skin              |     1 |     1 ||     2
Dodge: Dodged            |    11 |    21 ||    32
